 Dungeon Crawl Stone Soup version 0.21-a0-529-g8c7b3f5d53 (webtiles) character file.

3465 JackS81 the Cleaver (level 9, -7/59 HPs)
             Began as a Demonspawn Fighter on Dec 10, 2017.
             Was a Believer of Hepliaklqana.
             Mangled by Lifeless's ghost (24 damage)
             ... on level 8 of the Dungeon.
             The game lasted 00:26:12 (6983 turns).

JackS81 the Cleaver (Demonspawn Fighter)            Turns: 6983, Time: 00:26:12

Health: -7/59      AC: 13    Str: 25    XL:     9   Next: 78%
Magic:  9/9        EV: 15    Int: 14    God:    Hepliaklqana [**....]
Gold:   183        SH: 12    Dex: 20    Spells: 2/8 levels left

rFire    + . .     SeeInvis +   K - +4 war axe
rCold    + . .     Gourm    .   c - +0 shield
rNeg     . . .     Faith    .   y - +1 scale mail {rC+}
rPois    .         Spirit   .   I - +0 helmet
rElec    .         Reflect  .   E - +0 cloak of Noned {Str+3}
rCorr    .         Harm     .   (no gloves)
MR       .....                  (no boots)
Stlth    +.........             H - amulet of rage
HPRegen  0.19/turn              t - ring of see invisible
MPRegen  0.11/turn              F - +4 ring of intelligence

@: mighty, agile
A: reduced essence, talons 1, molten scales 2, fire resistance 1, flame cloud
immunity
a: Recall Ancestor, Ancestor Identity, Renounce Religion, Evoke Berserk Rage


You were on level 8 of the Dungeon.
You worshipped Hepliaklqana.
Hepliaklqana was pleased with you.
You were not hungry.

You visited 2 branches of the dungeon, and saw 9 of its levels.

You collected 468 gold pieces.
You spent 285 gold pieces at shops.

Inventory:

Hand Weapons
 a - a +0 war axe
 d - a +0 hand crossbow
 A - a +1 hand axe of chopping
 K - a +4 war axe (weapon)
 N - a -3 hand axe
Missiles
 e - 54 bolts
 l - 98 arrows
Armour
 b - a +0 scale mail
 c - a +0 shield (worn)
 y - a +1 scale mail of cold resistance (worn)
 E - the +0 cloak of Noned (worn) {Str+3}
   (You bought it in a shop on level 5 of the Dungeon)

   It affects your strength (+3).
 I - a +0 helmet (worn)
Jewellery
 t - a ring of see invisible (left hand)
 F - a +4 ring of intelligence (right hand)
 H - an amulet of rage (around neck)
Wands
 D - a wand of disintegration (28)
 M - a wand of iceblast (8)
Scrolls
 i - 4 scrolls of remove curse
 m - 4 scrolls of teleportation {unknown}
 p - a scroll of magic mapping {unknown}
 r - a scroll of enchant armour {unknown}
 s - a scroll of torment {unknown}
 v - a scroll of summoning {unknown}
 B - 4 scrolls of identify
 G - a scroll of immolation {unknown}
 O - a scroll of vulnerability {unknown}
Potions
 j - a potion of ambrosia
 k - 5 potions of curing
 n - 2 potions of flight
 o - a potion of magic
 u - a potion of mutation {unknown}
 w - 4 potions of brilliance
 x - a potion of berserk rage {unknown}
 C - a potion of cancellation {unknown}
Books
 q - a book of Transfigurations

   Spells                             Type                      Level
   a - Irradiate                      Conjuration/Transmutation    5
   b - Statue Form                    Transmutation/Earth          6
   c - Hydra Form                     Transmutation                6
   d - Dragon Form                    Transmutation                7
Comestibles
 f - 8 bread rations
 g - 5 royal jellies
 z - 2 meat rations
 J - a fruit
 P - 4 chunks of flesh


   Skills:
 + Level 4.4 Fighting
 * Level 9.0 Axes
 - Level 3.2 Crossbows
 + Level 4.3 Armour
 + Level 2.2 Dodging
 * Level 7.0 Shields
 * Level 0.8 Transmutations
 * Level 0.6 Earth Magic
 * Level 1.1 Invocations
 * Level 1.2 Evocations


You had 2 spell levels left.
You knew the following spells:

 Your Spells              Type           Power        Failure   Level  Hunger
a - Statue Form           Tmut/Erth      #........    100%        6    #######


Dungeon Overview and Level Annotations

Branches:
Dungeon (8/15)             Temple (1/1) D:5
   Lair: D:8-11

Altars:
Ashenzari
Cheibriados
Dithmenos
Fedhas
Gozag
Hepliaklqana
Kikubaaqudgha
Makhleb
Nemelex Xobeh
Okawaru
Qazlal
Sif Muna
Trog
Uskayaw
Vehumet
Wu Jian
Xom
Yredelemnul
Zin
The Shining One

Shops:
D:5 [

Annotations:
D:8 Lifeless's ghost, novice MiBe


Innate Abilities, Weirdness & Mutations

You have sharp toenails.
You are mostly covered in molten scales. (AC +3)
Your flesh is heat resistant. (rF+)
You are immune to clouds of flame.
Your life essence is reduced to manifest your ancestor. (-10% HP)


Message History

You slash Lifeless's ghost! You claw Lifeless's ghost.
Lifeless's ghost is severely damaged.
You block Lifeless's ghost's attack.
Ammiditana hits Lifeless's ghost but does no damage.
Lifeless's ghost hits Ammiditana!
Ammiditana misses Lifeless's ghost.
You hit Lifeless's ghost but do no damage.
You claw Lifeless's ghost.
Lifeless's ghost is severely damaged.
Ammiditana hits Lifeless's ghost with a dagger of draining.
Lifeless's ghost closely misses you.
You hit Lifeless's ghost.
You claw Lifeless's ghost, but do no damage.
Lifeless's ghost is severely damaged.
Lifeless's ghost hits you!
* * * LOW HITPOINT WARNING * * *
Ammiditana barely misses Lifeless's ghost.
You closely miss Lifeless's ghost. You claw Lifeless's ghost!
Lifeless's ghost is almost destroyed.
Lifeless's ghost hits you!!
You die...

##...... #......##
#...
##.......######...#
#..........##....#
..........<.....##
.................#
......
.......W.........#
......
......†@R........#
......
#.......##.......####
.....
#......####..........
#...# ##....#
#..####.... #.^#
##.....# #..# ##
#..###.......# #..#
##.........#..# ##.##
. #........###..#
#..# .. ........##
#..## #..###...


You could see the friendly Ammiditana the hexer and Lifeless's ghost.

Vanquished Creatures
  A centaur zombie (D:5)
  Duvessa (D:4)
  A sky beast (D:7)
  An ice beast (D:7)
  3 necrophages
  4 ogres
  A centaur (D:6)
  A big kobold (D:7)
  3 bullfrogs
  2 gnoll sergeants
  Dowan (D:4)
  6 killer bees (D:7)
  3 wights (D:6)
  2 howler monkeys
  2 crimson imps
  A quasit (D:7)
  A hound (D:6)
  A jelly (D:5)
  3 orc wizards
  An orc priest (D:8)
  A gnoll shaman (D:4)
  A bullfrog skeleton (D:5)
  An iguana (D:4)
  4 worker ants
  A hound zombie (D:7)
  A worker ant zombie (D:6)
  15 gnolls
  9 adders
  2 oozes (D:1)
  3 worms
  5 dart slugs
  8 leopard geckos
  11 orcs
  6 bats
  9 giant cockroaches
  7 goblins
  12 hobgoblins
  7 jackals
  9 kobolds
  5 quokkas
  7 frilled lizards
  A leopard gecko skeleton (D:6)
  2 rats
  A fungus (D:3)
167 creatures vanquished.

Vanquished Creatures (collateral kills)
  A phantom (D:5)
  An ogre (D:7)
  A scorpion (D:8)
  A hound (D:7)
  An orc wizard (D:6)
  2 centaur skeletons
  A bullfrog skeleton (D:8)
  A worker ant (D:5)
  A hound zombie (D:7)
  A hound skeleton (D:6)
  2 orcs (D:6)
  2 jackals (D:7)
  2 quokkas (D:6)
17 creatures vanquished.

Vanquished Creatures (others)
  2 ancestors (D:7)
  A fungus (D:3)
3 creatures vanquished.

Grand Total: 187 creatures vanquished

Notes
Turn   | Place    | Note
-------+----------+-------------------------------------------
     0 | D:1      | JackS81 the Demonspawn Fighter began the quest for the Orb.
     0 | D:1      | Reached XP level 1. HP: 18/18 MP: 1/1
    95 | D:1      | Reached skill level 2 in Axes
    96 | D:1      | Gained mutation: You are partially covered in molten scales. (AC +2) [demonic ancestry]
    96 | D:1      | Reached XP level 2. HP: 24/24 MP: 2/2
   328 | D:1      | Gained mutation: You have sharp toenails. [demonic ancestry]
   328 | D:1      | Reached XP level 3. HP: 20/29 MP: 3/3
   802 | D:2      | Reached skill level 3 in Axes
   840 | D:2      | Found a stormy altar of Qazlal.
   957 | D:2      | Found a shattered altar of Ashenzari.
   970 | D:2      | Reached XP level 4. HP: 35/35 MP: 4/4
  1131 | D:3      | Found a basalt altar of Yredelemnul.
  1985 | D:4      | Noticed a gnoll sergeant
  1994 | D:4      | Killed a gnoll sergeant
  1994 | D:4      | Reached skill level 4 in Axes
  1994 | D:4      | Gained mutation: You are mostly covered in molten scales. (AC +3) [demonic ancestry]
  1994 | D:4      | Reached XP level 5. HP: 36/41 MP: 5/5
  2515 | D:4      | Reached XP level 6. HP: 47/47 MP: 6/6
  2781 | D:4      | Reached skill level 5 in Axes
  3311 | D:4      | Found a glowing golden altar of the Shining One.
  3347 | D:4      | Noticed Dowan
  3348 | D:4      | Noticed Duvessa
  3367 | D:4      | Killed Dowan
  3373 | D:4      | Killed Duvessa
  3373 | D:4      | Reached XP level 7. HP: 20/52 MP: 7/7
  3705 | D:4      | Found a burning altar of Makhleb.
  3705 | D:4      | Found a shimmering altar of Xom.
  3826 | D:5      | Entered Level 5 of the Dungeon
  3918 | D:5      | Reached skill level 1 in Dodging
  4020 | D:5      | Found an opulent altar of Gozag.
  4144 | D:5      | Reached skill level 5 in Shields
  4169 | D:5      | Found a staircase to the Ecumenical Temple.
  4176 | Temple   | Entered the Ecumenical Temple
  4303 | Temple   | Became a worshipper of Hepliaklqana the Forgotten
  4374 | D:5      | Reached skill level 6 in Axes
  4433 | D:5      | Reached skill level 1 in Crossbows
  4433 | D:5      | Gained mutation: Your flesh is heat resistant. (rF+) [demonic ancestry]
  4433 | D:5      | Reached XP level 8. HP: 43/54 MP: 8/8
  4619 | D:5      | Found Bairos's Antique Armour Emporium.
  4629 | D:5      | Bought an encrusted cloak for 285 gold pieces
  4634 | D:5      | Identified the cursed +0 cloak of Noned {Str+3} (You bought it in a shop on level 5 of the Dungeon)
  4840 | D:6      | Found an ancient bone altar of Kikubaaqudgha.
  4844 | D:6      | Reached skill level 7 in Axes
  4862 | D:6      | Found an iron altar of Okawaru.
  5015 | D:6      | Found a shadowy altar of Dithmenos.
  5090 | D:6      | Found a stormy altar of Qazlal.
  5185 | D:6      | Found a hide-covered altar of Uskayaw.
  5223 | D:6      | Reached * piety under Hepliaklqana
  5328 | D:6      | Found an ornate altar of the Wu Jian Council.
  5673 | D:7      | Gained mutation: You are immune to clouds of flame. [demonic ancestry]
  5673 | D:7      | Reached XP level 9. HP: 58/58 MP: 9/9
  5740 | D:7      | Reached skill level 8 in Axes
  6302 | D:7      | Learned a level 6 spell: Statue Form
  6699 | D:8      | Reached skill level 1 in Evocations
  6740 | D:8      | Reached skill level 1 in Invocations
  6756 | D:8      | Reached ** piety under Hepliaklqana
  6757 | D:8      | Remembered your ancestor Ammiditana as a hexer
  6971 | D:8      | Noticed Lifeless's ghost (novice MiBe)
  6977 | D:8      | Reached skill level 9 in Axes
  6983 | D:8      | Mangled by Lifeless's ghost

Vault maps used:
D:1:      minmay_arrival_jagged
D:2:      evilmike_ruin_ashenzari, grunt_qazlal_clouds
D:3:      nicolae_overflow_crystal_walls, minmay_gold_behind_fungi
D:4:      grunt_temple_overflow_champion_of_chaos,
          lemuel_coloured_pillars_altar, first_bread, uniq_duvessa
D:5:      nicolae_gozag_cash_rules_everything_around_me, temple_green,
          serial_shops, nicolae_shop_overgrown_old_shop,
          hangedman_decor_growths, wad_floor_pattern_2
D:6:      lemuel_ice_spiral_2, lemuel_crystal_altar, lemuel_round_altar,
          nicolae_dithmenos_the_darkroom, lemuel_doored_altar, basic_altar,
          okawaru_ov_weapons_minmay
D:8:      nicolae_ru_path_of_blood
Temple:   nicolae_temple_figure_zero

Skill      XL: |  1  2  3  4  5  6  7  8  9 |
---------------+----------------------------+-----
Axes           | 2 3 4 5 6 7 9 |  9.0
Shields        | 3 4 5 6 7 |  7.0
Armour         | 3 4 |  4.3
Dodging        | 1 2 |  2.2
Crossbows      | 1 2 3 |  3.2
Fighting       | 4 |  4.4
Evocations     | 1 |  1.2
Invocations    | 1 |  1.1
Transmutations | |  0.8
Earth Magic    | |  0.6

Action                   |  1- 3 |  4- 6 |  7- 9 || total
-------------------------+-------+-------+-------++-------
Melee: War axe           |    95 |   167 |    34 ||   296
       Kick              |     8 |    57 |    97 ||   162
       Hand axe          |       |    18 |   273 ||   291
Invok: Ancestor Life: He |       |       |     1 ||     1
       Ancestor Identity |       |       |     1 ||     1
  Use: Scroll            |       |     8 |     4 ||    12
       Potion            |       |     5 |     4 ||     9
 Stab: Distracted        |       |       |     3 ||     3
  Eat: Chunk             |       |     8 |    12 ||    20
Armor: Scale mail        |    56 |    67 |    90 ||   213
Dodge: Dodged            |    25 |    55 |    80 ||   160
Block: Shield            |    46 |   108 |   138 ||   292

Table legend:
 A = Spawn XP
 B = Non-spawn XP
 C = Spawn XP percentage of total XP
 D = Spawn monster count
 E = Non-spawn monster count
 F = Spawn count percentage of total count
 G = Total turns spent on level
                    A         B        C        D         E        F      G
               +---------+---------+-------+---------+---------+-------+---------
         Total |       0 |    4950 |   0.0 |       0 |     183 |   0.0 |  6983
               +---------+---------+-------+---------+---------+-------+---------
           D:1 |       0 |      64 |   0.0 |       0 |      28 |   0.0 |   691
           D:2 |       0 |      35 |   0.0 |       0 |      10 |   0.0 |   414
           D:3 |       0 |      52 |   0.0 |       0 |      24 |   0.0 |   828
           D:4 |       0 |     744 |   0.0 |       0 |      33 |   0.0 |  1893
           D:5 |       0 |    1034 |   0.0 |       0 |      18 |   0.0 |   834
           D:6 |       0 |     812 |   0.0 |       0 |      22 |   0.0 |   847
           D:7 |       0 |    1583 |   0.0 |       0 |      36 |   0.0 |   956
           D:8 |       0 |     626 |   0.0 |       0 |      12 |   0.0 |   376
               +---------+---------+-------+---------+---------+-------+---------
